[Event "ICC Open 2015"]
[Site "Internet Chess Club"]
[Date "2015.05.30"]
[Round "8"]
[White "alico"]
[Black "weezil"]
[Result "0-1"]
[ICCResult "White resigns"]
[WhiteElo "1353"]
[BlackElo "1904"]
[Opening "Robatsch defense"]
[ECO "B06"]
[NIC "KF.05"]
[Time "20:15:16"]
[TimeControl "180+0"]

1. e4 g6 2. d4 Bg7 3. Nc3 c5 4. dxc5 Qa5 5. Bd2 Qxc5 6. Nf3 Nf6 7. Bd3 O-O
8. O-O d6 9. Re1 Bg4 10. h3 Bd7 11. Be3 Qc8 12. Rb1 a6 13. e5 Ne8 14. Bf4
dxe5 15. Bxe5 Nc6 16. Bxg7 Nxg7 17. Qd2 b5 18. Qh6 f6 19. Nd5 Rf7 20. Re2
Qd8 21. Rbe1 e5 22. c3 Bf5 23. Bxf5 Nxf5 24. Qd2 Qd6 25. Ne3 Qxd2 26. Nxd2
Nxe3 27. Rxe3 Rd8 28. Ne4 Kg7 29. Nc5 Ra8 30. Rd3 Na5 31. Rd6 Nc4 32. Ne6+
Kh6 33. Rc6 Nxb2 34. Rd1 Nxd1 {White resigns} 0-1

[Event "ICC Open 2015"]
[Site "Internet Chess Club"]
[Date "2015.05.30"]
[Round "8"]
[White "bythebook"]
[Black "bugeyes"]
[Result "1-0"]
[ICCResult "Black forfeits on time"]
[WhiteElo "1609"]
[BlackElo "1073"]
[Opening "Ruy Lopez: closed, 7...O-O"]
[ECO "C88"]
[NIC "RL.17"]
[Time "20:15:03"]
[TimeControl "180+0"]

1. e4 e5 2. Nf3 Nc6 3. Bb5 a6 4. Ba4 Nf6 5. O-O Be7 6. Re1 b5 7. Bb3 O-O 8.
d3 d5 9. exd5 Nxd5 10. Nxe5 Nxe5 11. Rxe5 c6 12. Nd2 Bd6 13. Re1 Qh4 14. Nf3
Qd8 15. h3 Be6 16. Bg5 f6 17. Rxe6 fxg5 18. Nd4 {Black forfeits on time} 1-0

[Event "ICC Open 2015"]
[Site "Internet Chess Club"]
[Date "2015.05.30"]
[Round "8"]
[White "oskarchess"]
[Black "eltigrecu"]
[Result "0-1"]
[ICCResult "White forfeits on time"]
[WhiteElo "1802"]
[BlackElo "2014"]
[Opening "QGD Slav: 3.Nf3"]
[ECO "D11"]
[NIC "QP.08"]
[Time "20:14:58"]
[TimeControl "180+0"]

1. d4 d5 2. Nf3 c6 3. c4 Nf6 4. g3 Bf5 5. cxd5 Nxd5 6. Bg2 e6 7. a3 Nd7 8.
O-O Bd6 9. Nc3 N7f6 10. Qb3 Qc7 11. Nh4 Bg4 12. Bg5 h6 13. Bxf6 gxf6 14. e4
Ne7 15. d5 cxd5 16. exd5 a6 17. dxe6 fxe6 18. h3 Bf5 19. Nxf5 exf5 20. Nd5
Nxd5 21. Qxd5 f4 22. Rfe1+ Kf8 23. Rad1 Rd8 24. Re6 Be7 {White forfeits on
time} 0-1

[Event "ICC Open 2015"]
[Site "Internet Chess Club"]
[Date "2015.05.30"]
[Round "8"]
[White "a-rubinstein"]
[Black "NAS"]
[Result "1-0"]
[ICCResult "Black resigns"]
[WhiteElo "2153"]
[BlackElo "1742"]
[Opening "QGD: 4.Nf3"]
[ECO "D37"]
[NIC "QP.08"]
[Time "20:15:35"]
[TimeControl "180+0"]

1. d4 d5 2. Nf3 Nf6 3. c4 e6 4. Nc3 Be7 5. Bg5 Nbd7 6. e3 h6 7. Bh4 O-O 8.
Qc2 Ne8 9. Bxe7 Qxe7 10. cxd5 Nef6 11. dxe6 Qxe6 12. Nb5 Qb6 13. Qxc7 Qxc7
14. Nxc7 Rb8 15. Nb5 a6 16. Nd6 Nb6 17. Rc1 Be6 18. b3 Rfd8 19. Nc4 Nbd5 20.
Be2 b5 21. Nce5 Rdc8 22. O-O Ne4 23. Bd3 Nec3 24. e4 Nb4 25. d5 Nxd3 26.
Rxc3 Rxc3 27. Nxd3 Rxd3 28. dxe6 fxe6 29. h3 Rc8 30. Ra1 Kf7 31. Ne5+
{Black resigns}
1-0

[Event "ICC Open 2015"]
[Site "Internet Chess Club"]
[Date "2015.05.30"]
[Round "8"]
[White "jojowang"]
[Black "skibum1313"]
[Result "0-1"]
[ICCResult "White resigns"]
[WhiteElo "1367"]
[BlackElo "1482"]
[Opening "Pirc defense"]
[ECO "B07"]
[NIC "PU.08"]
[Time "20:15:53"]
[TimeControl "180+0"]

1. e4 d6 2. d4 Nf6 3. f3 c6 4. c4 e6 5. Nc3 Be7 6. Be3 Nbd7 7. Be2 a6 8. Nh3
b5 9. cxb5 cxb5 10. a3 Bb7 11. Nf2 Rc8 12. O-O O-O 13. Qd2 h6 14. f4 Nb6 15.
e5 dxe5 16. fxe5 Nfd5 17. Nxd5 Bxd5 18. Ng4 Nc4 19. Bxc4 Rxc4 20. Qf2 Qc7
21. Qg3 Rc2 22. Rf2 Bg5 23. Rxc2 Qxc2 24. Bxg5 hxg5 25. Ne3 Qxb2 26. Nxd5
Qxa1+ 27. Kf2 exd5 {White resigns} 0-1

[Event "ICC Open 2015"]
[Site "Internet Chess Club"]
[Date "2015.05.30"]
[Round "8"]
[White "alric"]
[Black "nikenwidiartto"]
[Result "0-1"]
[ICCResult "White resigns"]
[WhiteElo "1936"]
[BlackElo "1841"]
[Opening "QGD semi-Slav"]
[ECO "D43"]
[NIC "SL.03"]
[Time "20:15:41"]
[TimeControl "180+0"]

1. Nf3 d5 2. c4 c6 3. d4 Nf6 4. Nc3 e6 5. g3 Nbd7 6. Bg2 dxc4 7. a4 Be7 8.
Nd2 e5 9. e3 O-O 10. Nxc4 exd4 11. exd4 Nb6 12. Ne3 Re8 13. O-O Bf8 14. a5
Nbd5 15. Qb3 Nxc3 16. bxc3 Rb8 17. a6 Be6 18. Qa4 b5 19. Qa5 Nd5 20. Bd2 Qc8
21. Rfc1 Nb6 22. d5 Nxd5 23. Bxd5 Bxd5 24. c4 Bf3 25. Kf1 Qh3+ 26. Ke1 Qxh2
27. Bc3 Rxe3+ {White resigns} 0-1

[Event "ICC Open 2015"]
[Site "Internet Chess Club"]
[Date "2015.05.30"]
[Round "8"]
[White "Parsifal"]
[Black "paulmagriel"]
[Result "1-0"]
[ICCResult "Black resigns"]
[WhiteElo "2412"]
[BlackElo "2060"]
[Opening "Trompowsky attack (Ruth, Opocenský opening)"]
[ECO "A45"]
[NIC "QP.07"]
[Time "20:15:00"]
[TimeControl "180+0"]

1. d4 Nf6 2. Bg5 c5 3. Bxf6 gxf6 4. d5 Qb6 5. Qc1 f5 6. c4 Bg7 7. Nc3 d6 8.
e3 O-O 9. Nge2 e6 10. Qc2 Nd7 11. Nf4 Nf6 12. Be2 a6 13. Rd1 Qc7 14. h3 Rb8
15. a4 Bd7 16. g4 e5 17. Ng2 e4 18. gxf5 Bxf5 19. Nh4 Bg6 20. Bg4 Qe7 21.
Nf5 Qe5 22. Nxg7 Kxg7 23. Be2 Rbe8 24. h4 Bh5 25. Rg1+ Kh8 26. Rg5 Bxe2 27.
Rxe5 Bxd1 28. Rxe8 Bxc2 29. Rxf8+ Kg7 30. Rd8 Bb3 31. Rxd6 Bxc4 32. a5 Bb3
33. Rd8 Kg6 34. d6 Be6 35. Rb8 Nd7 36. Rxb7 Ne5 37. Rb6 Kf6 38. Nxe4+
{Black resigns}
1-0

[Event "ICC Open 2015"]
[Site "Internet Chess Club"]
[Date "2015.05.30"]
[Round "8"]
[White "chessrex"]
[Black "brizito"]
[Result "0-1"]
[ICCResult "White checkmated"]
[WhiteElo "2107"]
[BlackElo "1766"]
[Opening "Blackmar gambit"]
[ECO "D00"]
[NIC "QP.08"]
[Time "20:15:30"]
[TimeControl "180+0"]

1. d4 d5 2. e4 dxe4 3. Nc3 e5 4. Nxe4 exd4 5. Bb5+ Bd7 6. Qe2 Qe7 7. Bc4 Nc6
8. Bg5 f6 9. Bxg8 Rxg8 10. Bxf6 gxf6 11. Nxf6+ Kf7 12. Nxg8 Qb4+ 13. c3 dxc3
14. O-O-O Bf5 15. g3 cxb2+ 16. Qxb2 Qc4+ 17. Kd2 Rd8+ 18. Ke1 Qe4+ 19. Qe2
Rxd1+ 20. Kxd1 Qb1+ 21. Kd2 Bb4+ 22. Ke3 Qe4# {White checkmated} 0-1

[Event "ICC Open 2015"]
[Site "Internet Chess Club"]
[Date "2015.05.30"]
[Round "8"]
[White "FZI88"]
[Black "CapitalG"]
[Result "0-1"]
[ICCResult "White resigns"]
[WhiteElo "2244"]
[BlackElo "2715"]
[Opening "Sicilian: Najdorf, 7.f4"]
[ECO "B96"]
[NIC "SI.04"]
[Time "20:15:29"]
[TimeControl "180+0"]

1. e4 c5 2. Nf3 d6 3. d4 cxd4 4. Nxd4 Nf6 5. Nc3 a6 6. Bg5 e6 7. f4 h6 8.
Bh4 Qb6 9. Qd3 Qxb2 10. Rb1 Qa3 11. f5 Nc6 12. fxe6 fxe6 13. Nxc6 bxc6 14.
Bxf6 gxf6 15. Be2 h5 16. Qc4 Bd7 17. Rb3 Qa5 18. O-O Qe5 19. Bf3 h4 20. Rb7
d5 21. exd5 cxd5 22. Bxd5 Rc8 23. Qxc8+ Bxc8 24. Bc6+ Kd8 25. Rd1+ Bd6 26.
Rg7 Qc5+ 27. Kh1 Qxc6 28. Ne4 Qxe4 {White resigns} 0-1

[Event "ICC Open 2015"]
[Site "Internet Chess Club"]
[Date "2015.05.30"]
[Round "8"]
[White "blackmiura"]
[Black "LMLLM"]
[Result "0-1"]
[ICCResult "White resigns"]
[WhiteElo "1911"]
[BlackElo "2339"]
[Opening "Alekhine's defense: two pawns' (Lasker's) attack"]
[ECO "B02"]
[NIC "AL.10"]
[Time "20:16:07"]
[TimeControl "180+0"]

1. e4 Nf6 2. e5 Nd5 3. c4 Nb6 4. c5 Nd5 5. Bc4 c6 6. Bxd5 cxd5 7. d4 d6 8.
cxd6 exd6 9. exd6 Bxd6 10. Nc3 O-O 11. Nf3 Bg4 12. O-O Bc7 13. h3 Bh5 14.
Nb5 Bb6 15. Be3 Nc6 16. a3 Re8 17. Rc1 a6 18. Nc3 Bc7 19. g4 Qd7 20. Ne5
Rxe5 21. dxe5 Nxe5 22. Qxd5 Bxg4 23. Qxd7 Bxd7 24. Nd5 Bd8 25. Bb6 Bxh3 26.
Rfe1 Nf3+ 27. Kh1 Nxe1 28. Rxe1 Be6 29. Bxd8 Bxd5+ 30. Kh2 Rxd8 31. Re7 Bc6
32. Rc7 h6 33. Kg3 Rd2 {White resigns} 0-1

[Event "ICC Open 2015"]
[Site "Internet Chess Club"]
[Date "2015.05.30"]
[Round "8"]
[White "graccus"]
[Black "Blondicheck"]
[Result "0-1"]
[ICCResult "White resigns"]
[WhiteElo "1357"]
[BlackElo "1594"]
[Opening "Queen's pawn: Charlick (Englund) gambit"]
[ECO "A40"]
[NIC "QO.17"]
[Time "20:15:51"]
[TimeControl "180+0"]

1. d4 e5 2. dxe5 Nc6 3. Nf3 Qe7 4. Bf4 Qb4+ 5. Nc3 Qxf4 6. g3 Qb4 7. Bg2 Bc5
8. O-O Nge7 9. a3 Qb6 10. Ne4 d5 11. Nxc5 Qxc5 12. b4 Qb5 13. Re1 Ng6 14.
Rf1 Ngxe5 15. Nxe5 Nxe5 16. Bxd5 O-O 17. Rc1 c6 18. c4 Qb6 19. c5 Qd8 20. e3
Qxd5 {White resigns} 0-1

[Event "ICC Open 2015"]
[Site "Internet Chess Club"]
[Date "2015.05.30"]
[Round "8"]
[White "shredded"]
[Black "catman"]
[Result "1-0"]
[ICCResult "Black resigns"]
[WhiteElo "2701"]
[BlackElo "1782"]
[Opening "Nimzo-Indian: classical, Noa variation, 5.a3"]
[ECO "E36"]
[NIC "NI.23"]
[Time "20:15:29"]
[TimeControl "180+0"]

1. d4 Nf6 2. c4 e6 3. Nc3 Bb4 4. Qc2 d5 5. a3 Bxc3+ 6. Qxc3 O-O 7. Bg5 c5 8.
e3 cxd4 9. exd4 Nc6 10. Nf3 Ne4 11. Bxd8 Nxc3 12. Bh4 Ne4 13. Bd3 Nd6 14. c5
Ne4 15. b4 a6 16. O-O Bd7 17. Rfd1 Na7 18. Nd2 Nxd2 19. Rxd2 Bb5 20. Bc2 Bc4
21. Bg3 Nc6 22. Rb1 Rfe8 23. f3 f6 24. Bd6 e5 25. dxe5 fxe5 26. Bb3 Bxb3 27.
Rxb3 e4 28. Rxd5 exf3 29. Rxf3 Re6 30. h3 Rae8 31. Rdf5 h6 32. Rf8+ Rxf8 33.
Rxf8+ Kh7 34. Rf7 Re1+ 35. Kh2 Ra1 36. Rxb7 Rxa3 37. Rb6 Na7 38. Bb8 Nb5 39.
c6 Rc3 40. Be5 Rc4 41. Rb7 Rxc6 42. Rxg7+ {Black resigns} 1-0

[Event "ICC Open 2015"]
[Site "Internet Chess Club"]
[Date "2015.05.30"]
[Round "8"]
[White "ALexiz"]
[Black "egystorm"]
[Result "0-1"]
[ICCResult "White resigns"]
[WhiteElo "1809"]
[BlackElo "2076"]
[Opening "QGD Slav: 3.Nf3"]
[ECO "D11"]
[NIC "SL.01"]
[Time "20:15:28"]
[TimeControl "180+0"]

1. d4 d5 2. c4 c6 3. Nf3 Nf6 4. g3 a6 5. Bg2 b5 6. c5 Bf5 7. O-O e6 8. Nh4
Bg4 9. h3 Bh5 10. g4 Bg6 11. Nxg6 hxg6 12. a3 Nbd7 13. Nc3 e5 14. b4 Nxg4
15. hxg4 Qh4 16. Re1 Nf6 17. e3 e4 18. Qe2 Nxg4 19. f3 exf3 20. Bxf3 Qg3+
21. Qg2 Qxe1+ 22. Qf1 Qxc3 23. Bxg4 Qxa1 {White resigns} 0-1

[Event "ICC Open 2015"]
[Site "Internet Chess Club"]
[Date "2015.05.30"]
[Round "8"]
[White "LooneyBinJim"]
[Black "Muad-dib"]
[Result "0-1"]
[ICCResult "White checkmated"]
[WhiteElo "1710"]
[BlackElo "1970"]
[Opening "Sicilian, Chekhover variation"]
[ECO "B53"]
[NIC "SI.02"]
[Time "20:15:19"]
[TimeControl "180+0"]

1. e4 c5 2. Nf3 d6 3. d4 cxd4 4. Qxd4 Nf6 5. Nc3 Nc6 6. Bb5 Bd7 7. Qd3 e6 8.
Bg5 Be7 9. Rd1 Qc7 10. Bxf6 gxf6 11. Ba4 a6 12. a3 h5 13. b4 b5 14. Bb3 Ne5
15. Nxe5 dxe5 16. O-O Rd8 17. Qe2 Qxc3 18. Rd3 Qc7 19. Rfd1 Bc6 20. f3 Rxd3
21. Rxd3 h4 22. c4 bxc4 23. Bxc4 Bb5 24. Bxb5+ axb5 25. Qd2 h3 26. Rc3 Qa7+
27. Kh1 hxg2+ 28. Kxg2 Rg8+ 29. Kh3 Kf8 30. Qh6+ Ke8 31. Rc8+ Bd8 32. Qxf6
Qe7 33. Rxd8+ Kxd8 34. Qxe5 Qg5 35. Qd6+ Ke8 36. Qb8+ Ke7 37. Qc7+ Kf8 38.
Qc8+ Kg7 39. Qc3+ e5 40. Qc5 Rh8# {White checkmated} 0-1

[Event "ICC Open 2015"]
[Site "Internet Chess Club"]
[Date "2015.05.30"]
[Round "8"]
[White "guchess"]
[Black "jonesey"]
[Result "0-1"]
[ICCResult "White resigns"]
[WhiteElo "2271"]
[BlackElo "1950"]
[Opening "English: Mikenas-Carls, Kevitz variation"]
[ECO "A18"]
[NIC "EO.64"]
[Time "20:15:34"]
[TimeControl "180+0"]

1. c4 Nf6 2. Nc3 e6 3. e4 Nc6 4. d4 Bb4 5. e5 Ne4 6. Ne2 d6 7. exd6 Qxd6 8.
d5 exd5 9. cxd5 Ne7 10. f3 Nxc3 11. bxc3 Bc5 12. Nf4 O-O 13. Bd3 Re8 14. Kf1
Bf5 15. c4 Bxd3+ 16. Nxd3 Bd4 17. Rb1 Nf5 18. g4 Ne3+ 19. Bxe3 Rxe3 20. Rxb7
Rae8 21. Nf2 Qf6 22. Ne4 R3xe4 23. Rxc7 Re1+ 24. Qxe1 Qxf3+ {White resigns}
0-1

[Event "ICC Open 2015"]
[Site "Internet Chess Club"]
[Date "2015.05.30"]
[Round "8"]
[White "Aladdin"]
[Black "Mastercito"]
[Result "1-0"]
[ICCResult "Black resigns"]
[WhiteElo "2361"]
[BlackElo "2010"]
[Opening "Scandinavian: Marshall variation"]
[ECO "B01"]
[NIC "SD.03"]
[Time "20:15:11"]
[TimeControl "180+0"]

1. e4 d5 2. exd5 Nf6 3. d4 Nxd5 4. Nf3 Nb6 5. Be2 g6 6. O-O Bg7 7. c3 O-O 8.
Re1 Bg4 9. h3 Bxf3 10. Bxf3 Nc6 11. Bxc6 bxc6 12. Qf3 Qd7 13. Bf4 Nd5 14.
Bg3 Rab8 15. b3 e6 16. Nd2 c5 17. Be5 cxd4 18. Bxg7 Kxg7 19. cxd4 Nf6 20.
Rad1 Qxd4 21. Ne4 Qe5 22. Nd6 Qc5 23. Qxf6+ Kxf6 24. Ne4+ Ke7 25. Nxc5 Rfd8
26. Kf1 Rb5 27. Rxd8 Kxd8 28. Rd1+ Ke8 29. Nd3 a5 30. Ke2 a4 31. Rb1 a3 32.
Rc1 Kd7 33. Rc5 Rb8 34. Ra5 Rc8 35. Rxa3 c5 36. Ra4 Kd6 37. Kd2 f6 38. Kc3
e5 39. f3 f5 40. Ra6+ Kd5 41. a4 e4 42. fxe4+ Kxe4 43. Re6+ Kd5 44. Re5+ Kd6
45. a5 Ra8 46. Rxc5 f4 47. b4 h6 48. Nxf4 g5 49. Nd3 Ke6 50. Rc6+ Kf5 51. a6
g4 52. hxg4+ Kg5 53. b5 h5 54. gxh5 Kh4 55. Rc7 Kxh5 56. a7 Kg6 57. b6 Kf6
58. Rb7 Ke6 59. Rb8 Rxa7 60. bxa7 Kd5 61. a8=Q+ Kd6 62. Qa6+ Kc7 63. Rb7+
{Black resigns}
1-0

[Event "ICC Open 2015"]
[Site "Internet Chess Club"]
[Date "2015.05.30"]
[Round "8"]
[White "Caminator"]
[Black "RafaNadal"]
[Result "0-1"]
[ICCResult "White resigns"]
[WhiteElo "2160"]
[BlackElo "2824"]
[Opening "English opening"]
[ECO "A20"]
[NIC "EO.24"]
[Time "20:15:11"]
[TimeControl "180+0"]

1. c4 e5 2. g3 Nf6 3. Bg2 d5 4. cxd5 Nxd5 5. Nc3 Nb6 6. Nf3 Nc6 7. O-O Be7
8. a3 O-O 9. b4 Re8 10. d3 Bf8 11. Rb1 Nd4 12. Nd2 c6 13. e3 Nf5 14. Qe2 Nd6
15. Nc4 Bf5 16. e4 Bc8 17. Be3 Nbxc4 18. dxc4 Be6 19. Rfd1 Qc7 20. c5 Nc4
21. a4 Nxe3 22. Qxe3 Rad8 23. Bf1 Rxd1 24. Rxd1 Rd8 25. Rxd8 Qxd8 26. Qd3
Qg5 27. Ne2 h5 28. h4 Qg6 29. Bg2 Be7 30. Nc1 Qh6 31. Qe3 Qxe3 32. fxe3 a5
33. bxa5 Bxc5 34. Kf2 Bc4 35. Bf1 Bxf1 36. Kxf1 Bxe3 37. Nd3 f6 38. Ke2 Bd4
39. Nb4 Kf7 40. a6 bxa6 41. Nxc6 Ke6 42. Nb8 a5 43. Nc6 Bb6 44. Nb8 Kd6 45.
Na6 Kc6 46. Nb8+ Kc7 {White resigns} 0-1

[Event "ICC Open 2015"]
[Site "Internet Chess Club"]
[Date "2015.05.30"]
[Round "8"]
[White "boobytrap"]
[Black "Werewolf"]
[Result "0-1"]
[ICCResult "White resigns"]
[WhiteElo "1952"]
[BlackElo "2181"]
[Opening "Queen's gambit accepted"]
[ECO "D20"]
[NIC "QG.03"]
[Time "20:15:41"]
[TimeControl "180+0"]

1. d4 d5 2. c4 dxc4 3. e3 e5 4. Bxc4 exd4 5. exd4 Nf6 6. Nf3 Bd6 7. O-O O-O
8. Nc3 h6 9. h3 Bf5 10. Re1 Nc6 11. a3 a6 12. Ne5 Bxe5 13. dxe5 Qxd1 14.
Nxd1 Nd7 15. Ne3 Ndxe5 16. Nxf5 Nxc4 17. Bf4 Rac8 18. b3 Nb6 19. Rac1 Nd5
20. Bd2 Rfe8 21. Kf1 Kf8 22. b4 Rxe1+ 23. Rxe1 Nde7 24. Nxe7 Nxe7 25. Be3
Nc6 26. Bc5+ Kg8 27. f4 Rd8 28. Re2 f6 29. g4 Kf7 30. Kf2 Rd7 31. a4 b6 32.
b5 axb5 33. axb5 bxc5 34. bxc6 Rd6 35. Rc2 Rxc6 36. Ke3 Ke6 37. Ke4 c4 38.
Kd4 c3 39. Re2+ Kd6 40. f5 c2 41. Re6+ Kd7 42. Rxc6 Kxc6 {White resigns} 0-1

[Event "ICC Open 2015"]
[Site "Internet Chess Club"]
[Date "2015.05.30"]
[Round "8"]
[White "faust"]
[Black "saya"]
[Result "1-0"]
[ICCResult "Black resigns"]
[WhiteElo "3178"]
[BlackElo "2627"]
[Opening "French: Winawer, advance, 6...Ne7"]
[ECO "C18"]
[NIC "FR.09"]
[Time "20:15:37"]
[TimeControl "180+0"]

1. e4 e6 2. d4 d5 3. Nc3 Bb4 4. e5 Ne7 5. a3 Bxc3+ 6. bxc3 c5 7. h4 Qc7 8.
h5 h6 9. Rh4 Nbc6 10. Rg4 Nf5 11. Nf3 c4 12. a4 Bd7 13. Rf4 Rf8 14. Ba3 Nfe7
15. Bd6 Qa5 16. Kd2 O-O-O 17. Qb1 Be8 18. Qb5 Rd7 19. g4 Rh8 20. Rb1 a6 21.
Qxa5 Nxa5 22. Be2 Ng8 23. Ba3 f6 24. Bf1 Rf7 25. Ra1 Nc6 26. Bh3 Bd7 27. Re1
Nge7 28. Nh4 Rff8 29. Ng6 Nxg6 30. hxg6 Re8 31. exf6 gxf6 32. Rxf6 Rhg8 33.
f4 Nd8 34. f5 exf5 35. Rxe8 Rxe8 36. gxf5 Rg8 37. Rf8 {Black resigns} 1-0

[Event "ICC Open 2015"]
[Site "Internet Chess Club"]
[Date "2015.05.30"]
[Round "8"]
[White "leonardoalmeida"]
[Black "MarzipanCat"]
[Result "0-1"]
[ICCResult "White checkmated"]
[WhiteElo "1916"]
[BlackElo "2227"]
[Opening "Van't Kruijs opening"]
[ECO "A00"]
[Time "20:16:04"]
[TimeControl "180+0"]

1. e3 d5 2. b3 e5 3. Qh5 Nc6 4. Bb5 Bd6 5. Bb2 Nf6 6. Qg5 O-O 7. f3 Re8 8.
a3 d4 9. Be2 h6 10. Qh4 dxe3 11. dxe3 Ne7 12. e4 Ng6 13. Qf2 Qe7 14. Qe3 Nf4
15. Bf1 Bc5 16. Qd2 Rd8 17. Qc1 Qd6 18. Ne2 Qb6 19. Nxf4 Bf2+ 20. Ke2 exf4
21. Nc3 Be3 22. Qd1 Rxd1 23. Rxd1 Be6 24. Na4 Qc6 25. c4 Bxc4+ 26. bxc4
Qxc4+ 27. Rd3 Qxa4 28. Rxe3 Qc2+ 29. Ke1 fxe3 30. Bxf6 Qd2# {White
checkmated} 0-1

[Event "ICC Open 2015"]
[Site "Internet Chess Club"]
[Date "2015.05.30"]
[Round "8"]
[White "Willy809"]
[Black "hotmooses"]
[Result "0-1"]
[ICCResult "White resigns"]
[WhiteElo "1699"]
[BlackElo "1920"]
[Opening "Queen's pawn: Lundin (Kevitz-Mikenas) defense"]
[ECO "A40"]
[NIC "QO.17"]
[Time "20:15:41"]
[TimeControl "180+0"]

1. d4 Nc6 2. Nc3 e5 3. dxe5 Nxe5 4. Bf4 Ng6 5. Bg3 Nf6 6. e3 d5 7. Nf3 Bb4
8. Qd4 Qe7 9. O-O-O c5 10. Bb5+ Bd7 11. Bxd7+ Qxd7 12. Qd3 Bxc3 13. Qxc3 O-O
14. Qxc5 Rac8 15. Qd4 Rc4 16. Qxc4 dxc4 17. Rxd7 Nxd7 18. Rd1 Nc5 19. Bd6
Rc8 20. Bxc5 Rxc5 21. Rd8+ Nf8 22. Nd2 b5 23. Ne4 Rc7 24. Nd6 Rd7 25. Rxd7
Nxd7 26. Nxb5 a6 27. Nd6 Nb6 28. c3 Kf8 29. a4 Ke7 30. a5 Kxd6 31. axb6 Kc6
32. Kc2 Kxb6 33. b3 Kc5 34. bxc4 Kxc4 35. f3 a5 36. e4 a4 37. Kb2 a3+ 38.
Kxa3 Kxc3 39. g3 Kd4 40. Kb3 Ke3 41. f4 Kxe4 42. Kc3 Kf3 43. Kd3 Kg2 44. Ke4
Kxh2 45. g4 Kg3 46. g5 Kg4 47. Ke5 Kh5 48. Kd6 Kg6 49. Ke7 h5 50. gxh6 gxh6
51. f5+ Kxf5 52. Kxf7 h5 53. Ke7 h4 54. Kd6 h3 55. Kc5 h2 {White resigns}
0-1

[Event "ICC Open 2015"]
[Site "Internet Chess Club"]
[Date "2015.05.30"]
[Round "8"]
[White "nowornever"]
[Black "kurka56"]
[Result "1/2-1/2"]
[ICCResult "Game drawn by repetition"]
[WhiteElo "1970"]
[BlackElo "1808"]
[Opening "Nimzovich-Larsen attack: classical variation"]
[ECO "A01"]
[NIC "VO.08"]
[Time "20:14:59"]
[TimeControl "180+0"]

1. b3 d5 2. Bb2 c5 3. Nf3 Nc6 4. e3 Nf6 5. Bb5 Bd7 6. Bxc6 Bxc6 7. Ne5 g6 8.
O-O Bg7 9. f4 O-O 10. d3 Rc8 11. Nd2 h5 12. Ndf3 Ng4 13. Qe1 d4 14. exd4
cxd4 15. Nxc6 Rxc6 16. h3 Ne3 17. Rf2 Nxc2 18. Rxc2 Rxc2 19. Ba3 Re8 20. Ne5
Qd5 21. Qg3 Bxe5 22. fxe5 Qe6 23. Bc1 Qf5 24. Bh6 Rec8 25. Rf1 Qe6 26. Qf4
Qd5 27. Qg3 Re2 28. Rc1 Rcc2 29. Rxc2 Rxc2 30. e6 Qxe6 31. Qb8+ Rc8 32. Qxb7
Qe1+ 33. Kh2 Qe5+ 34. Kg1 Qe1+ 35. Kh2 Qe5+ 36. Kg1 Qe1+ 37. Kh2
{Game drawn by repetition}
1/2-1/2

[Event "ICC Open 2015"]
[Site "Internet Chess Club"]
[Date "2015.05.30"]
[Round "8"]
[White "nurmi"]
[Black "Ramanip15"]
[Result "1-0"]
[ICCResult "Black resigns"]
[WhiteElo "2205"]
[BlackElo "1925"]
[Opening "Sicilian: Canal-Sokolsky attack, 3...Bd7"]
[ECO "B52"]
[NIC "SI.01"]
[Time "20:15:13"]
[TimeControl "180+0"]

1. e4 c5 2. Nf3 d6 3. Bb5+ Bd7 4. Bxd7+ Qxd7 5. d4 cxd4 6. Qxd4 Nf6 7. c4 g6
8. Nc3 Bg7 9. O-O O-O 10. Rd1 Nc6 11. Qd3 a6 12. e5 Ne8 13. exd6 Qxd6 14.
Nd5 Nf6 15. Bf4 Qc5 16. Rac1 Rad8 17. Bc7 Rd7 18. Nxf6+ Bxf6 19. Qxd7 Bxb2
20. Rb1 Bf6 21. Rxb7 Qxc4 22. Qd5 Qc2 23. Qb3 Qe4 24. Re1 Qf5 25. h3 Na5 26.
Bxa5 Rc8 27. Bd2 Rc2 28. Be3 Qa5 29. Bh6 Rb2 30. Rb8+ {Black resigns} 1-0

[Event "ICC Open 2015"]
[Site "Internet Chess Club"]
[Date "2015.05.30"]
[Round "8"]
[White "jps7"]
[Black "WayTooRighteous"]
[Result "0-1"]
[ICCResult "White checkmated"]
[WhiteElo "1638"]
[BlackElo "1954"]
[Opening "Queen's pawn game"]
[ECO "D04"]
[NIC "QP.08"]
[Time "20:14:59"]
[TimeControl "180+0"]

1. d4 d5 2. Nf3 Nf6 3. e3 c6 4. Bd3 e6 5. O-O Nbd7 6. b3 Bd6 7. Bb2 O-O 8.
Ne5 h6 9. f4 b6 10. Nd2 Bb7 11. c4 c5 12. Ndf3 dxc4 13. Bxc4 Qe7 14. Qe2
cxd4 15. exd4 Nd5 16. Bxd5 Bxd5 17. Nxd7 Qxd7 18. Ne5 Qb7 19. Rf2 Rac8 20.
Rc1 Rxc1+ 21. Bxc1 Rc8 22. Qd2 Be4 23. h3 Rc2 24. Qe3 Rxf2 25. Qxf2 Qc7 26.
Be3 Qc3 27. Kh2 f6 28. Nc4 Bf8 29. Nd2 Bd3 30. Nf3 b5 31. Nh4 Bd6 32. g3 Be4
33. Nf3 a5 34. Nd2 Bd3 35. Nf3 a4 36. Bd2 Qc2 37. Ne1 Qb1 38. Qe3 Bf5 39. g4
axb3 40. axb3 Be4 41. Nf3 g5 42. Qc3 gxf4 43. Qc8+ Kf7 44. Qc3 Qf1 45. Be1
Bxf3 46. Qd2 Qh1# {White checkmated} 0-1

[Event "ICC Open 2015"]
[Site "Internet Chess Club"]
[Date "2015.05.30"]
[Round "8"]
[White "yellow"]
[Black "MARXVONAZULAY"]
[Result "1-0"]
[ICCResult "Black forfeits on time"]
[WhiteElo "1525"]
[BlackElo "1487"]
[Opening "Queen's gambit accepted"]
[ECO "D26"]
[NIC "QG.03"]
[Time "20:15:10"]
[TimeControl "180+0"]

1. d4 d5 2. c4 dxc4 3. e3 e6 4. Bxc4 Nf6 5. Nf3 Bd6 6. O-O O-O 7. Nc3 c5 8.
e4 cxd4 9. Qxd4 Qc7 10. Nb5 Bxh2+ 11. Nxh2 Qe7 12. Qd6 Qxd6 13. Nxd6 Nc6 14.
f3 Bd7 15. Bg5 b6 16. Bxf6 gxf6 17. Rac1 Ne5 18. Be2 a5 19. Rc7 Be8 20. Nxe8
Rfxe8 21. Rfc1 Kg7 22. f4 Ng6 23. g3 b5 24. Nf3 b4 25. b3 a4 26. Bc4 axb3
27. axb3 Kf8 28. f5 exf5 29. Rxf7+ Kg8 30. Rxf6+ Kg7 31. Rxf5 Rxe4 32. Bd5
Rae8 33. Bxe4 Rxe4 34. Rc7+ Kg8 35. Rd5 Re8 36. Ng5 Nf8 37. Rdd7
{Black forfeits on time}
1-0

[Event "ICC Open 2015"]
[Site "Internet Chess Club"]
[Date "2015.05.30"]
[Round "8"]
[White "FytinFrank"]
[Black "LordProtector"]
[Result "0-1"]
[ICCResult "White checkmated"]
[WhiteElo "2052"]
[BlackElo "2974"]
[Opening "Sicilian: Grand Prix attack, Schofman variation"]
[ECO "B23"]
[NIC "SI.44"]
[Time "20:15:59"]
[TimeControl "180+0"]

1. e4 c5 2. Nc3 Nc6 3. f4 g6 4. Nf3 Bg7 5. Bc4 e6 6. f5 Nge7 7. fxe6 fxe6 8.
d3 d5 9. Bb3 b5 10. a4 b4 11. Ne2 dxe4 12. Ng5 exd3 13. cxd3 O-O 14. Bxe6+
Bxe6 15. Nxe6 Qd5 16. Nxf8 Rxf8 17. Nf4 Qe5+ 18. Qe2 Rxf4 19. Bxf4 Qxf4 20.
Qe6+ Kh8 21. Rf1 Qd4 22. Qf7 h6 23. Qe8+ Kh7 24. Rf7 Nf5 25. Qxc6 Qg1+ 26.
Kd2 Qxa1 27. Qxc5 Qxb2+ 28. Kd1 b3 29. Rxa7 Qa1+ 30. Ke2 b2 31. Rb7 b1=Q 32.
Rxb1 Qxb1 33. g4 Qb2+ 34. Kf1 Nd4 35. Qe7 Qa1+ 36. Kg2 Qxa4 37. h4 Qc2+ 38.
Kg3 Qxd3+ 39. Kg2 Qf3+ 40. Kg1 Ne2+ 41. Kh2 Qg3+ 42. Kh1 Qg1# {White
checkmated} 0-1